Avalanche vs Penguins
Created - February 20, 2018 at 19:41
Goals
|
Avalanche |
5 |
1 |
0 |
6 |
Penguins |
1 |
1 |
1 |
3 |
|
Shots
|
Avalanche |
11 |
9 |
13 |
33 |
Penguins |
13 |
13 |
10 |
36 |
|
1st period
1. Avalanche , Bryan Little 25 (Mark Giordano 7) at 6:16
2. Penguins , Steve Downie 19 (Sam Gagner 26, Dion Phaneuf 28) at 9:41
3. Avalanche , Mikkel Boedker 28 (Bryan Little 37, Paul Stastny 22) at 12:08 (PP)
4. Avalanche , Paul Stastny 15 (Andrew Ladd 10) at 12:20
5. Avalanche , Paul Stastny 16 (Mikkel Boedker 36, Bryan Little 38) at 16:21 (PP)
6. Avalanche , Mikkel Boedker 29 (Pernell Karl Subban 15, Bryan Little 39) at 19:30
Penalties :
Keith Aulie (Pit) for Hooking (Minor) at 11:54, Keith Aulie (Pit) for Hooking (Minor) at 13:27, Paul Ranger (Pit) for Holding (Minor) at 15:51
2nd period
7. Avalanche , Andrei Kostitsyn 22 (Alexander Radulov 22) at 3:33
8. Penguins , Steven Stamkos 40 (Bobby Ryan 47) at 5:14
Penalties :
Andrew Ladd (Col) for Holding (Minor) at 1:11, Chuck Kobasew (Col) for Hooking (Minor) at 6:10, Andrew Cogliano (Pit) for High sticking (Minor) at 9:33, Simon Gagné (Pit) for Roughing (Minor) at 19:14
3rd period
9. Penguins , Dion Phaneuf 8 (Ryan Callahan 10, D.J King 4) at 7:45
Penalties :
Jay Bouwmeester (Col) for Roughing (Minor) at 3:03
Goalie Stats
Semyon Varlamov (Col), 33 saves from 36 shots - (0.917), W, 27-15-4, 60:00 minutes
Brian Elliott (Pit), 6 saves from 10 shots - (0.600), L, 22-15-7, 16:21 minutes
Josh Tordjman (Pit), 21 saves from 23 shots - (0.913), 43:39 minutes
Players Stats for Avalanche
Player Name G A P +/- PIM S H SB GA TA FO MP PP MP PK MP
------------------------------------------------------------------------------------
Alexander Radulov 0 1 1 1 0 0 1 0 1 1 2/2 16:43 0:00 1:33
Andrei Kostitsyn 1 0 1 1 0 3 0 1 1 0 1/1 18:11 2:06 1:28
Andrew Ladd 0 1 1 0 2 2 2 1 0 0 0/0 14:23 0:29 1:32
Brandon Yip 0 0 0 0 0 2 4 0 0 0 0/0 12:14 0:00 0:00
Bryan Little 1 3 4 0 0 5 0 0 1 0 12/25 18:30 4:09 0:58
Chuck Kobasew 0 0 0 0 2 2 1 0 0 0 0/0 8:59 0:00 2:01
Corey Perry 0 0 0 0 0 1 0 0 1 2 1/1 16:12 2:31 0:00
Jack Johnson 0 0 0 -1 0 1 1 0 1 0 0/0 24:48 2:40 2:39
Jay Bouwmeester 0 0 0 2 2 0 1 1 0 2 0/0 22:41 3:55 0:06
Johnny Boychuk 0 0 0 0 0 0 1 3 0 0 0/0 13:45 0:00 2:39
Kyle Turris 0 0 0 0 0 0 2 0 0 0 4/8 10:03 0:00 3:04
Marc Staal 0 0 0 -1 0 1 1 0 0 0 0/0 23:51 2:46 3:12
Mark Giordano 0 1 1 1 0 2 0 0 0 0 0/0 11:11 1:15 0:00
Mikkel Boedker 2 1 3 0 0 5 2 0 2 0 0/0 17:32 4:09 0:00
Paul Stastny 2 1 3 0 0 4 0 0 0 0 9/11 16:25 4:07 0:00
Pernell Karl Subban 0 1 1 1 0 1 1 2 1 0 0/0 24:05 2:46 3:18
Ryan Smyth 0 0 0 0 0 1 0 0 0 0 0/0 7:44 0:26 1:18
Tim Connolly 0 0 0 1 0 3 1 0 2 1 14/28 16:43 2:06 0:00
Players Stats for Penguins
Player Name G A P +/- PIM S H SB GA TA FO MP PP MP PK MP
------------------------------------------------------------------------------------
Andrew Cogliano 0 0 0 0 2 4 1 1 0 1 6/6 19:13 2:45 2:54
Bobby Ryan 0 1 1 -1 0 5 5 0 0 1 0/0 20:56 3:08 0:00
Brian McGrattan 0 0 0 0 0 0 0 0 0 0 0/0 9:41 0:07 0:00
D.J King 0 1 1 0 0 0 1 0 0 0 0/0 9:21 0:04 2:29
Dion Phaneuf 1 1 2 0 0 4 4 1 0 0 0/0 29:48 3:45 4:17
Dominic Moore 0 0 0 0 0 3 1 0 1 0 3/12 12:27 0:00 2:55
Duncan Keith 0 0 0 -2 0 2 1 1 1 1 0/0 20:14 2:12 2:32
Eric Gryba 0 0 0 1 0 0 0 1 0 1 0/0 10:06 0:00 0:00
Keith Aulie 0 0 0 -2 4 1 1 0 0 1 0/0 19:14 2:12 1:38
Max Pacioretty 0 0 0 -1 0 1 0 0 1 0 1/4 20:56 3:08 0:00
Paul Ranger 0 0 0 1 2 0 0 0 0 0 0/0 10:57 0:00 0:46
Riley Sheahan 0 0 0 0 0 1 0 0 0 0 1/3 6:42 0:00 0:20
Ryan Callahan 0 1 1 0 0 3 0 0 0 0 0/0 6:22 0:00 0:00
Sam Gagner 0 1 1 0 0 3 2 1 1 0 7/12 18:13 2:45 1:50
Sean Zimmerman 0 0 0 0 0 2 3 0 1 4 0/0 29:40 3:45 4:09
Simon Gagné 0 0 0 0 2 2 3 2 0 0 0/0 12:26 0:00 2:54
Steve Downie 1 0 1 0 0 3 0 0 0 0 2/2 15:56 2:42 0:00
Steven Stamkos 1 0 1 -1 0 2 1 0 1 1 13/37 21:02 3:12 0:00
3 Stars
1 - Mikkel Boedker (Col)
2 - Bryan Little (Col)
3 - Paul Stastny (Col)
Power Play
Avalanche - 2 on 5 Attempt(s) - 40.00%
Penguins - 0 on 3 Attempt(s) - 0.00%
Penalty Kill
Avalanche - 3 on 3 Attempt(s) - 100.00%
- Score 0 goal in Penalty Kill
Penguins - 3 on 5 Attempt(s) - 60.00%
- Score 0 goal in Penalty Kill
Team Stat
Avalanche - Hits : 18 - Faceoff Wins : 43 - Blocked Shots : 8 - Penalty Minutes : 6
Penguins - Hits : 23 - Faceoff Wins : 33 - Blocked Shots : 7 - Penalty Minutes : 10
Official
Referees : Walsh Ian and Kowal Tom
Linesman : Greg Devorski and Bryan Pancich
Game Notes
Josh Tordjman enters game at 16:21 of 1st period
5:53 of 2nd period - Penguins goal is going for a video replay. After video review, No Goal. The puck has been kicked using a distinct kicking motion.
Finance
Level 1 -- Attendance: 5894 (98.23%) -- Ticket Income $483,308
Level 2 -- Attendance: 4878 (97.56%) -- Ticket Income $219,510
Level 3 -- Attendance: 1966 (98.30%) -- Ticket Income $64,878
Level 4 -- Attendance: 4000 (100.00%) -- Ticket Income $100,000
Luxury Box -- Attendance: 1000 (100.00%) -- Ticket Income $160,000
Game was played at the Igloo.
Total Attendance: 17738 (98.54%)
Total Ticket Income: $1,027,696
Other Income: $154,154
Total Income: $1,181,850
Avalanche
5 vs 5 Forward
Center Left Wing Right Wing Time % Phy DF OF
1 Bryan Little Mikkel Boedker Corey Perry 30 1 2 2
2 Tim Connolly Andrei Kostitsyn Alexander Radulov 30 1 2 2
3 Paul Stastny Andrew Ladd Brandon Yip 25 1 2 2
4 Kyle Turris Ryan Smyth Chuck Kobasew 15 1 2 2
5 vs 5 Defense
Defense Defense Time % Phy DF OF
1 Jack Johnson Marc Staal 40 1 2 2
2 Pernell Karl Subban Jay Bouwmeester 40 1 2 2
3 Mark Giordano Johnny Boychuk 20 1 2 2
4 Jack Johnson Marc Staal 0 1 2 2
PowerPlay Forward
Center Left Wing Right Wing Time % Phy DF OF
1 Bryan Little Mikkel Boedker Paul Stastny 60 1 2 2
2 Tim Connolly Andrei Kostitsyn Corey Perry 40 1 2 2
PowerPlay Defense
Defense Defense Time % Phy DF OF
1 Jack Johnson Jay Bouwmeester 60 1 2 2
2 Pernell Karl Subban Marc Staal 40 1 2 2
Penalty Kill 4 Players Forward
Center Wing Time % Phy DF OF
1 Kyle Turris Chuck Kobasew 60 1 2 2
2 Andrew Ladd Ryan Smyth 40 1 2 2
Penalty Kill 4 Players Defense
Defense Defense Time % Phy DF OF
1 Pernell Karl Subban Marc Staal 60 1 2 2
2 Jack Johnson Johnny Boychuk 40 1 2 2
Penalty Kill - 3 Players Forward
Forward Time % Phy DF OF
1 Chuck Kobasew 60 1 2 2
2 Ryan Smyth 40 1 2 2
Penalty Kill - 3 Players Defense
Defense Defense Time % Phy DF OF
1 Jack Johnson Marc Staal 60 1 2 2
2 Pernell Karl Subban Johnny Boychuk 40 1 2 2
4 vs 4 Forward
Center Wing Time % Phy DF OF
1 Bryan Little Corey Perry 60 1 2 2
2 Mikkel Boedker Andrei Kostitsyn 40 1 2 2
4 vs 4 Defense
Defense Defense Time % Phy DF OF
1 Jack Johnson Marc Staal 60 1 2 2
2 Pernell Karl Subban Jay Bouwmeester 40 1 2 2
Last Minutes Offensive
Center Left Wing Right Wing Defense Defense
Bryan Little Mikkel Boedker Corey Perry Jack Johnson Marc Staal
Last Minutes Defensive
Center Left Wing Right Wing Defense Defense
Brandon Yip Andrew Ladd Chuck Kobasew Jack Johnson Marc Staal
Goaltenders
Starting : Semyon Varlamov
Backup : Hannu Toivonen
Extra Forwards
Normal : Andrei Kostitsyn, Andrew Ladd, Alexander Radulov - PP : Paul Stastny, Andrew Ladd - PK : Alexander Radulov
Extra Defensemen
Normal : Mark Giordano, Johnny Boychuk, Pernell Karl Subban - PP : Mark Giordano - PK : Johnny Boychuk, Pernell Karl Subban
Penalty Shots
Bryan Little, Corey Perry, Mikkel Boedker, Andrei Kostitsyn, Paul Stastny
Scratches
Mike Comrie (Right Hip Injury)
Penguins
5 vs 5 Forward
Center Left Wing Right Wing Time % Phy DF OF
1 Steven Stamkos Max Pacioretty Bobby Ryan 40 0 2 3
2 Sam Gagner Andrew Cogliano Steve Downie 30 0 2 3
3 Dominic Moore Simon Gagné Brian McGrattan 20 0 2 3
4 Riley Sheahan D.J King Ryan Callahan 10 0 2 3
5 vs 5 Defense
Defense Defense Time % Phy DF OF
1 Sean Zimmerman Dion Phaneuf 44 0 3 2
2 Duncan Keith Keith Aulie 33 0 3 2
3 Paul Ranger Eric Gryba 23 0 3 2
4 Dion Phaneuf Sean Zimmerman 0 0 3 2
PowerPlay Forward
Center Left Wing Right Wing Time % Phy DF OF
1 Steven Stamkos Max Pacioretty Bobby Ryan 60 0 1 4
2 Sam Gagner Andrew Cogliano Steve Downie 40 0 1 4
PowerPlay Defense
Defense Defense Time % Phy DF OF
1 Sean Zimmerman Dion Phaneuf 60 0 2 3
2 Duncan Keith Keith Aulie 40 0 2 3
Penalty Kill 4 Players Forward
Center Wing Time % Phy DF OF
1 Andrew Cogliano Simon Gagné 60 0 4 1
2 Dominic Moore D.J King 40 0 4 1
Penalty Kill 4 Players Defense
Defense Defense Time % Phy DF OF
1 Sean Zimmerman Dion Phaneuf 60 0 4 1
2 Duncan Keith Keith Aulie 40 0 4 1
Penalty Kill - 3 Players Forward
Forward Time % Phy DF OF
1 Andrew Cogliano 60 0 4 1
2 Dominic Moore 40 0 4 1
Penalty Kill - 3 Players Defense
Defense Defense Time % Phy DF OF
1 Sean Zimmerman Dion Phaneuf 60 0 4 1
2 Duncan Keith Keith Aulie 40 0 4 1
4 vs 4 Forward
Center Wing Time % Phy DF OF
1 Steven Stamkos Bobby Ryan 60 0 2 3
2 Sam Gagner Andrew Cogliano 40 0 2 3
4 vs 4 Defense
Defense Defense Time % Phy DF OF
1 Sean Zimmerman Dion Phaneuf 60 0 3 2
2 Duncan Keith Keith Aulie 40 0 3 2
Last Minutes Offensive
Center Left Wing Right Wing Defense Defense
Steven Stamkos Max Pacioretty Bobby Ryan Sean Zimmerman Dion Phaneuf
Last Minutes Defensive
Center Left Wing Right Wing Defense Defense
Dominic Moore Andrew Cogliano Brian McGrattan Sean Zimmerman Dion Phaneuf
Goaltenders
Starting : Brian Elliott
Backup : Josh Tordjman
Extra Forwards
Normal : Steven Stamkos, Sam Gagner, Dominic Moore - PP : Steven Stamkos, Sam Gagner - PK : Dominic Moore
Extra Defensemen
Normal : Sean Zimmerman, Duncan Keith, Eric Gryba - PP : Paul Ranger - PK : Dion Phaneuf, Duncan Keith
Penalty Shots
Steven Stamkos, Max Pacioretty, Bobby Ryan, Steve Downie, Ryan Callahan
Scratches
None
% Time on Ice - Avalanche
Lines # - Real PCT - Wanted PCT - Time Play
Normal Forward
1 - 31% - 30% - 14:34
2 - 31% - 30% - 14:43
3 - 26% - 25% - 12:14
4 - 12% - 15% - 5:51
Normal Defense
1 - 40% - 40% - 18:48
2 - 40% - 40% - 18:45
3 - 21% - 20% - 9:49
4 - 0% - 0% - 0:00
PP Forward
1 - 62% - 60% - 4:10
2 - 38% - 40% - 2:31
PP Defense
1 - 59% - 60% - 3:55
2 - 41% - 40% - 2:46
PK Forward
1 - 78% - 60% - 4:39
2 - 22% - 40% - 1:18
PK Defense
1 - 55% - 60% - 3:18
2 - 45% - 40% - 2:39
PK3 Forward
1 - 0% - 60%
2 - 0% - 40%
PK3 Defense
1 - 0% - 60%
2 - 0% - 40%
44 Forward
1 - 0% - 60%
2 - 0% - 40%
44 Defense
1 - 0% - 60%
2 - 0% - 40%
Last Minute Offensive - 0:00
Last Minute Defensive - 0:00
Total
Forward - 60:00
Defense - 60:00
|
% Time on Ice - Penguins
Lines # - Real PCT - Wanted PCT - Time Play
Normal Forward
1 - 38% - 40% - 18:14
2 - 28% - 30% - 13:14
3 - 20% - 20% - 9:32
4 - 13% - 10% - 6:22
Normal Defense
1 - 46% - 44% - 21:46
2 - 33% - 33% - 15:30
3 - 21% - 23% - 10:06
4 - 0% - 0% - 0:00
PP Forward
1 - 55% - 60% - 3:15
2 - 45% - 40% - 2:42
PP Defense
1 - 63% - 60% - 3:45
2 - 37% - 40% - 2:12
PK Forward
1 - 98% - 60% - 6:32
2 - 2% - 40% - 0:09
PK Defense
1 - 54% - 60% - 3:38
2 - 46% - 40% - 3:03
PK3 Forward
1 - 0% - 60%
2 - 0% - 40%
PK3 Defense
1 - 0% - 60%
2 - 0% - 40%
44 Forward
1 - 0% - 60%
2 - 0% - 40%
44 Defense
1 - 0% - 60%
2 - 0% - 40%
Last Minute Offensive - 0:00
Last Minute Defensive - 0:00
Total
Forward - 60:00
Defense - 60:00
|
Play by Play
1st period
0:01 of 1st period - Bryan Little wins face-off versus Steven Stamkos in neutral zone.
0:18 of 1st period - Icing by Corey Perry.
0:19 of 1st period - Bryan Little wins face-off versus Sam Gagner in Avalanche zone.
0:47 of 1st period - Wrist shot by Andrei Kostitsyn.
0:47 of 1st period - Shot Misses the Net.
0:49 of 1st period - Snap shot by Andrei Kostitsyn.
0:49 of 1st period - Deflect By Simon Gagné.
0:49 of 1st period - Shot Misses the Net.
0:49 of 1st period - Puck is out of play.
0:50 of 1st period - Riley Sheahan wins face-off versus Tim Connolly in Penguins zone.
0:50 of 1st period - Riley Sheahan is hit by Jay Bouwmeester.
1:18 of 1st period - Slapshot by Paul Stastny.
1:18 of 1st period - Shot Blocked by Eric Gryba.
1:26 of 1st period - Wrist shot by Paul Stastny.
1:26 of 1st period - Shot Misses the Net.
1:38 of 1st period - Snap shot by Andrew Cogliano.
1:38 of 1st period - Stopped by Semyon Varlamov without a rebound.
1:39 of 1st period - Sam Gagner wins face-off versus Kyle Turris in Avalanche zone.
4:21 of 1st period - Backhand shot by Corey Perry.
4:21 of 1st period - Stopped by Brian Elliott without a rebound.
4:22 of 1st period - Steven Stamkos wins face-off versus Paul Stastny in Penguins zone.
4:35 of 1st period - Wrist shot by Bobby Ryan.
4:35 of 1st period - Shot Blocked by Pernell Karl Subban.
4:37 of 1st period - Slapshot by Duncan Keith.
4:37 of 1st period - Shot Misses the Net.
4:39 of 1st period - Slapshot by Keith Aulie.
4:39 of 1st period - Deflect By Bobby Ryan.
4:39 of 1st period - Stopped by Semyon Varlamov with a rebound.
5:38 of 1st period - Wrist shot by Riley Sheahan.
5:38 of 1st period - Shot Misses the Net.
6:04 of 1st period - Wrist shot by Steven Stamkos.
6:04 of 1st period - Shot Blocked by Johnny Boychuk.
6:16 of 1st period - Snap shot by Bryan Little.
6:16 of 1st period - Goal by Bryan Little - Avalanche : 1 - Penguins : 0.
6:17 of 1st period - Tim Connolly wins face-off versus Steven Stamkos in neutral zone.
6:38 of 1st period - Corey Perry is hit by Dion Phaneuf and loses puck.
6:53 of 1st period - Wrist shot by Paul Stastny.
6:53 of 1st period - Shot Blocked by Dion Phaneuf.
6:55 of 1st period - Slapshot by Jack Johnson.
6:55 of 1st period - Stopped by Brian Elliott without a rebound.
6:56 of 1st period - Paul Stastny wins face-off versus Dominic Moore in Penguins zone.
6:59 of 1st period - Snap shot by Paul Stastny.
6:59 of 1st period - Stopped by Brian Elliott without a rebound.
7:00 of 1st period - Dominic Moore wins face-off versus Bryan Little in Penguins zone.
7:15 of 1st period - Snap shot by Bryan Little.
7:15 of 1st period - Shot Misses the Net.
7:39 of 1st period - Snap shot by Steven Stamkos.
7:39 of 1st period - Deflect By Pernell Karl Subban.
7:39 of 1st period - Shot Blocked by Pernell Karl Subban.
7:39 of 1st period - Puck is out of play.
7:40 of 1st period - Sam Gagner wins face-off versus Bryan Little in Avalanche zone.
7:45 of 1st period - Snap shot by Steve Downie.
7:45 of 1st period - Shot Misses the Net.
8:07 of 1st period - Sean Zimmerman is hit by Jack Johnson and loses puck.
8:12 of 1st period - Wrist shot by Andrei Kostitsyn.
8:12 of 1st period - Shot Misses the Net.
8:28 of 1st period - Snap shot by Bobby Ryan.
8:28 of 1st period - Stopped by Semyon Varlamov with a rebound.
8:34 of 1st period - Brian McGrattan is hit by Brandon Yip and loses puck.
9:32 of 1st period - Sean Zimmerman is hit by Brandon Yip and loses puck.
9:41 of 1st period - Snap shot by Steve Downie.
9:41 of 1st period - Goal by Steve Downie - Avalanche : 1 - Penguins : 1.
9:42 of 1st period - Tim Connolly wins face-off versus Steven Stamkos in neutral zone.
9:57 of 1st period - Marc Staal is hit by Bobby Ryan and loses puck.
10:08 of 1st period - Sam Gagner is hit by Marc Staal and loses puck.
11:13 of 1st period - Icing by Pernell Karl Subban.
11:14 of 1st period - Steven Stamkos wins face-off versus Tim Connolly in Avalanche zone.
11:15 of 1st period - Snap shot by Bobby Ryan.
11:15 of 1st period - Stopped by Semyon Varlamov with a rebound.
11:46 of 1st period - Wrist shot by Max Pacioretty.
11:46 of 1st period - Shot Misses the Net.
11:54 of 1st period - Minor Penalty to Keith Aulie for Hooking.
11:55 of 1st period - Andrew Cogliano wins face-off versus Bryan Little in Penguins zone.
12:04 of 1st period - Wrist shot by Paul Stastny.
12:04 of 1st period - Stopped by Brian Elliott with a rebound.
12:06 of 1st period - Snap shot by Paul Stastny.
12:06 of 1st period - Deflect By Bryan Little.
12:06 of 1st period - Stopped by Brian Elliott with a rebound.
12:08 of 1st period - Snap shot by Mikkel Boedker.
12:08 of 1st period - Goal by Mikkel Boedker - Avalanche : 2 - Penguins : 1.
12:09 of 1st period - Paul Stastny wins face-off versus Steven Stamkos in neutral zone.
12:18 of 1st period - Backhand shot by Paul Stastny.
12:18 of 1st period - Shot Misses the Net.
12:20 of 1st period - Snap shot by Paul Stastny.
12:20 of 1st period - Goal by Paul Stastny - Avalanche : 3 - Penguins : 1.
12:21 of 1st period - Sam Gagner wins face-off versus Tim Connolly in neutral zone.
13:27 of 1st period - Minor Penalty to Keith Aulie for Hooking.
13:28 of 1st period - Bryan Little wins face-off versus Dominic Moore in Penguins zone.
13:30 of 1st period - Snap shot by Paul Stastny.
13:30 of 1st period - Shot Misses the Net.
13:42 of 1st period - Dominic Moore is hit by Mikkel Boedker and loses puck.
15:27 of 1st period - Penalty to Keith Aulie is over, Keith Aulie is back on ice.
15:32 of 1st period - Snap shot by Steven Stamkos.
15:32 of 1st period - Stopped by Semyon Varlamov without a rebound.
15:33 of 1st period - Kyle Turris wins face-off versus Steven Stamkos in Avalanche zone.
15:43 of 1st period - Jack Johnson is hit by Bobby Ryan and loses puck.
15:51 of 1st period - Minor Penalty to Paul Ranger for Holding.
15:52 of 1st period - Andrew Cogliano wins face-off versus Bryan Little in Penguins zone.
16:04 of 1st period - Slapshot by Bryan Little.
16:04 of 1st period - Stopped by Brian Elliott without a rebound.
16:05 of 1st period - Andrew Cogliano wins face-off versus Bryan Little in Penguins zone.
16:05 of 1st period - Andrew Cogliano is hit by Mikkel Boedker.
16:21 of 1st period - Snap shot by Paul Stastny.
16:21 of 1st period - Goal by Paul Stastny - Avalanche : 4 - Penguins : 1.
16:21 of 1st period - Josh Tordjman enters game.
16:22 of 1st period - Bryan Little wins face-off versus Steven Stamkos in neutral zone.
16:49 of 1st period - Wrist shot by Simon Gagné.
16:49 of 1st period - Stopped by Semyon Varlamov without a rebound.
16:50 of 1st period - Paul Stastny wins face-off versus Dominic Moore in Avalanche zone.
17:03 of 1st period - Wrist shot by Paul Stastny.
17:03 of 1st period - Shot Misses the Net.
17:05 of 1st period - Slapshot by Jack Johnson.
17:05 of 1st period - Shot Misses the Net.
17:36 of 1st period - Icing by Jack Johnson.
17:37 of 1st period - Sam Gagner wins face-off versus Tim Connolly in Avalanche zone.
17:49 of 1st period - Slapshot by Andrew Cogliano.
17:49 of 1st period - Stopped by Semyon Varlamov with a rebound.
17:51 of 1st period - Slapshot by Dion Phaneuf.
17:51 of 1st period - Stopped by Semyon Varlamov with a rebound.
17:53 of 1st period - Wrist shot by Sam Gagner.
17:53 of 1st period - Stopped by Semyon Varlamov without a rebound.
17:54 of 1st period - Paul Stastny wins face-off versus Steven Stamkos in Avalanche zone.
17:54 of 1st period - Paul Stastny is hit by Sean Zimmerman.
18:30 of 1st period - Snap shot by Sam Gagner.
18:30 of 1st period - Shot Misses the Net.
18:40 of 1st period - Snap shot by Riley Sheahan.
18:40 of 1st period - Stopped by Semyon Varlamov without a rebound.
18:41 of 1st period - Paul Stastny wins face-off versus Riley Sheahan in Avalanche zone.
18:41 of 1st period - Paul Stastny is hit by D.J King.
19:04 of 1st period - Icing by Jay Bouwmeester.
19:05 of 1st period - Steven Stamkos wins face-off versus Tim Connolly in Avalanche zone.
19:06 of 1st period - Wrist shot by Bobby Ryan.
19:06 of 1st period - Shot Misses the Net.
19:08 of 1st period - Slapshot by Sean Zimmerman.
19:08 of 1st period - Stopped by Semyon Varlamov without a rebound.
19:09 of 1st period - Steven Stamkos wins face-off versus Tim Connolly in Avalanche zone.
19:12 of 1st period - Slapshot by Bobby Ryan.
19:12 of 1st period - Stopped by Semyon Varlamov without a rebound.
19:13 of 1st period - Bryan Little wins face-off versus Steven Stamkos in Avalanche zone.
19:26 of 1st period - Slapshot by Bryan Little.
19:26 of 1st period - Shot Misses the Net.
19:28 of 1st period - Wrist shot by Pernell Karl Subban.
19:28 of 1st period - Shot Misses the Net.
19:30 of 1st period - Snap shot by Mikkel Boedker.
19:30 of 1st period - Goal by Mikkel Boedker - Avalanche : 5 - Penguins : 1.
19:31 of 1st period - Tim Connolly wins face-off versus Steven Stamkos in neutral zone.
19:33 of 1st period - Off-side.
19:34 of 1st period - Max Pacioretty wins face-off versus Tim Connolly in neutral zone.
19:49 of 1st period - Wrist shot by Alexander Radulov.
19:49 of 1st period - Shot Misses the Net.
Goals for this period are 5 for Avalanche vs 1 for Penguins.
Shots for this period are 11 for Avalanche vs 13 for Penguins.
2nd period
0:01 of 2nd period - Steven Stamkos wins face-off versus Bryan Little in neutral zone.
1:11 of 2nd period - Minor Penalty to Andrew Ladd for Holding.
1:12 of 2nd period - Steven Stamkos wins face-off versus Kyle Turris in Avalanche zone.
3:11 of 2nd period - Penalty to Andrew Ladd is over, Andrew Ladd is back on ice.
3:20 of 2nd period - Dion Phaneuf is hit by Brandon Yip and loses puck.
3:31 of 2nd period - Snap shot by Andrew Ladd.
3:31 of 2nd period - Stopped by Josh Tordjman without a rebound.
3:32 of 2nd period - Alexander Radulov wins face-off versus Riley Sheahan in Penguins zone.
3:33 of 2nd period - Wrist shot by Andrei Kostitsyn.
3:33 of 2nd period - Goal by Andrei Kostitsyn - Avalanche : 6 - Penguins : 1.
3:34 of 2nd period - Bryan Little wins face-off versus Steven Stamkos in neutral zone.
3:45 of 2nd period - Snap shot by Mikkel Boedker.
3:45 of 2nd period - Stopped by Josh Tordjman without a rebound.
3:46 of 2nd period - Tim Connolly wins face-off versus Steven Stamkos in Penguins zone.
3:59 of 2nd period - Slapshot by Andrei Kostitsyn.
3:59 of 2nd period - Stopped by Josh Tordjman without a rebound.
4:00 of 2nd period - Steven Stamkos wins face-off versus Bryan Little in Penguins zone.
4:09 of 2nd period - Snap shot by Max Pacioretty.
4:09 of 2nd period - Stopped by Semyon Varlamov without a rebound.
4:10 of 2nd period - Bryan Little wins face-off versus Steven Stamkos in Avalanche zone.
5:14 of 2nd period - Snap shot by Steven Stamkos.
5:14 of 2nd period - Goal by Steven Stamkos - Avalanche : 6 - Penguins : 2.
5:15 of 2nd period - Sam Gagner wins face-off versus Tim Connolly in neutral zone.
5:19 of 2nd period - Wrist shot by Andrew Cogliano.
5:19 of 2nd period - Stopped by Semyon Varlamov with a rebound.
5:21 of 2nd period - Slapshot by Andrew Cogliano.
5:21 of 2nd period - Stopped by Semyon Varlamov without a rebound.
5:22 of 2nd period - Tim Connolly wins face-off versus Sam Gagner in Avalanche zone.
5:34 of 2nd period - Pernell Karl Subban is hit by Andrew Cogliano and loses puck.
5:49 of 2nd period - Wrist shot by Dominic Moore.
5:49 of 2nd period - Shot Blocked by Jay Bouwmeester.
5:51 of 2nd period - Snap shot by Simon Gagné.
5:51 of 2nd period - Shot Misses the Net.
5:53 of 2nd period - Slapshot by Sean Zimmerman.
5:53 of 2nd period - Penguins goal is going for a video replay.
5:53 of 2nd period - The goal is refused. The puck has been kicked using a distinct kicking motion..
5:54 of 2nd period - Sam Gagner wins face-off versus Kyle Turris in Avalanche zone.
6:10 of 2nd period - Minor Penalty to Chuck Kobasew for Hooking.
6:11 of 2nd period - Kyle Turris wins face-off versus Steven Stamkos in Avalanche zone.
6:15 of 2nd period - Steven Stamkos is hit by Kyle Turris and loses puck.
8:08 of 2nd period - Johnny Boychuk is hit by Sean Zimmerman and loses puck.
8:10 of 2nd period - Penalty to Chuck Kobasew is over, Chuck Kobasew is back on ice.
8:19 of 2nd period - Wrist shot by Chuck Kobasew.
8:19 of 2nd period - Stopped by Josh Tordjman with a rebound.
8:25 of 2nd period - Slapshot by Dion Phaneuf.
8:25 of 2nd period - Shot Misses the Net.
8:27 of 2nd period - Slapshot by Sean Zimmerman.
8:27 of 2nd period - Shot Blocked by Johnny Boychuk.
9:33 of 2nd period - Minor Penalty to Andrew Cogliano for High sticking.
9:34 of 2nd period - Bryan Little wins face-off versus Dominic Moore in Penguins zone.
9:49 of 2nd period - Slapshot by Duncan Keith.
9:49 of 2nd period - Stopped by Semyon Varlamov with a rebound.
10:08 of 2nd period - Simon Gagné is hit by Tim Connolly and loses puck.
10:40 of 2nd period - Icing by Corey Perry.
10:41 of 2nd period - Sam Gagner wins face-off versus Tim Connolly in Avalanche zone.
11:26 of 2nd period - Jack Johnson is hit by Dominic Moore and loses puck.
11:33 of 2nd period - Penalty to Andrew Cogliano is over, Andrew Cogliano is back on ice.
11:37 of 2nd period - Duncan Keith is hit by Chuck Kobasew.
11:53 of 2nd period - Snap shot by Andrew Cogliano.
11:53 of 2nd period - Deflect By Sam Gagner.
11:53 of 2nd period - Shot Misses the Net.
11:53 of 2nd period - Puck is out of play.
11:54 of 2nd period - Tim Connolly wins face-off versus Max Pacioretty in Avalanche zone.
12:41 of 2nd period - Wrist shot by Ryan Callahan.
12:41 of 2nd period - Stopped by Semyon Varlamov with a rebound.
12:53 of 2nd period - Snap shot by Andrew Cogliano.
12:53 of 2nd period - Deflect By Steve Downie.
12:53 of 2nd period - Shot Blocked by Andrew Ladd.
12:53 of 2nd period - Puck is out of play.
12:54 of 2nd period - Steve Downie wins face-off versus Kyle Turris in Avalanche zone.
13:09 of 2nd period - Slapshot by Chuck Kobasew.
13:09 of 2nd period - Stopped by Josh Tordjman with a rebound.
13:16 of 2nd period - Icing by Dion Phaneuf.
13:17 of 2nd period - Bryan Little wins face-off versus Sam Gagner in Penguins zone.
13:30 of 2nd period - Mark Giordano is hit by Sam Gagner and loses puck.
13:41 of 2nd period - Snap shot by Steve Downie.
13:41 of 2nd period - Stopped by Semyon Varlamov with a rebound.
13:43 of 2nd period - Slapshot by Dion Phaneuf.
13:43 of 2nd period - Deflect By Alexander Radulov.
13:43 of 2nd period - Stopped by Semyon Varlamov without a rebound.
13:44 of 2nd period - Paul Stastny wins face-off versus Steven Stamkos in Avalanche zone.
14:10 of 2nd period - Icing by Keith Aulie.
14:11 of 2nd period - Bryan Little wins face-off versus Dominic Moore in Penguins zone.
14:56 of 2nd period - Slapshot by Jay Bouwmeester.
14:56 of 2nd period - Shot Misses the Net.
15:24 of 2nd period - Off-side.
15:25 of 2nd period - Steven Stamkos wins face-off versus Tim Connolly in neutral zone.
15:52 of 2nd period - Steve Downie is hit by Brandon Yip and loses puck.
16:17 of 2nd period - Wrist shot by Bryan Little.
16:17 of 2nd period - Stopped by Josh Tordjman without a rebound.
16:18 of 2nd period - Tim Connolly wins face-off versus Max Pacioretty in Penguins zone.
16:21 of 2nd period - Wrist shot by Tim Connolly.
16:21 of 2nd period - Stopped by Josh Tordjman with a rebound.
16:43 of 2nd period - Andrew Cogliano is hit by Johnny Boychuk.
17:06 of 2nd period - Snap shot by Mikkel Boedker.
17:06 of 2nd period - Shot Misses the Net.
17:08 of 2nd period - Snap shot by Corey Perry.
17:08 of 2nd period - Shot Blocked by Simon Gagné.
17:10 of 2nd period - Snap shot by Bryan Little.
17:10 of 2nd period - Deflect By Dion Phaneuf.
17:10 of 2nd period - Shot Blocked by Simon Gagné.
17:10 of 2nd period - Puck is out of play.
17:11 of 2nd period - Tim Connolly wins face-off versus Steven Stamkos in Penguins zone.
17:24 of 2nd period - Alexander Radulov is hit by Bobby Ryan and loses puck.
17:47 of 2nd period - Snap shot by Sam Gagner.
17:47 of 2nd period - Stopped by Semyon Varlamov without a rebound.
17:48 of 2nd period - Dominic Moore wins face-off versus Paul Stastny in Avalanche zone.
17:51 of 2nd period - Wrist shot by Dominic Moore.
17:51 of 2nd period - Stopped by Semyon Varlamov with a rebound.
17:59 of 2nd period - Snap shot by Dominic Moore.
17:59 of 2nd period - Stopped by Semyon Varlamov without a rebound.
18:00 of 2nd period - Andrei Kostitsyn wins face-off versus Steven Stamkos in Avalanche zone.
18:00 of 2nd period - Andrei Kostitsyn is hit by Dion Phaneuf.
18:59 of 2nd period - Slapshot by Bryan Little.
18:59 of 2nd period - Stopped by Josh Tordjman without a rebound.
19:00 of 2nd period - Tim Connolly wins face-off versus Dominic Moore in Penguins zone.
19:14 of 2nd period - Minor Penalty to Simon Gagné for Roughing.
19:15 of 2nd period - Andrew Cogliano wins face-off versus Bryan Little in Penguins zone.
19:20 of 2nd period - Icing by Bryan Little.
19:21 of 2nd period - Andrew Cogliano wins face-off versus Bryan Little in Avalanche zone.
19:32 of 2nd period - Slapshot by Dominic Moore.
19:32 of 2nd period - Stopped by Semyon Varlamov with a rebound.
Goals for this period are 1 for Avalanche vs 1 for Penguins.
Shots for this period are 9 for Avalanche vs 13 for Penguins.
3rd period
0:01 of 3rd period - Andrew Cogliano wins face-off versus Bryan Little in neutral zone.
0:13 of 3rd period - Wrist shot by Mikkel Boedker.
0:13 of 3rd period - Shot Blocked by Andrew Cogliano.
0:32 of 3rd period - Corey Perry is hit by Sean Zimmerman and loses puck.
0:43 of 3rd period - Slapshot by Pernell Karl Subban.
0:43 of 3rd period - Shot Misses the Net.
1:14 of 3rd period - Penalty to Simon Gagné is over, Simon Gagné is back on ice.
1:14 of 3rd period - Off-side.
1:15 of 3rd period - Corey Perry wins face-off versus Steven Stamkos in neutral zone.
1:30 of 3rd period - Snap shot by Bobby Ryan.
1:30 of 3rd period - Shot Blocked by Andrei Kostitsyn.
1:32 of 3rd period - Snap shot by Dion Phaneuf.
1:32 of 3rd period - Stopped by Semyon Varlamov without a rebound.
1:33 of 3rd period - Paul Stastny wins face-off versus Dominic Moore in Avalanche zone.
1:37 of 3rd period - Off-side.
1:38 of 3rd period - Paul Stastny wins face-off versus Dominic Moore in neutral zone.
2:27 of 3rd period - Off-side.
2:28 of 3rd period - Bryan Little wins face-off versus Sam Gagner in neutral zone.
2:47 of 3rd period - Mikkel Boedker is hit by Sam Gagner and loses puck.
3:03 of 3rd period - Minor Penalty to Jay Bouwmeester for Roughing.
3:04 of 3rd period - Kyle Turris wins face-off versus Max Pacioretty in Avalanche zone.
4:18 of 3rd period - Duncan Keith is hit by Kyle Turris and loses puck.
5:03 of 3rd period - Penalty to Jay Bouwmeester is over, Jay Bouwmeester is back on ice.
5:09 of 3rd period - Snap shot by Marc Staal.
5:09 of 3rd period - Shot Misses the Net.
5:15 of 3rd period - Kyle Turris is hit by Simon Gagné and loses puck.
5:38 of 3rd period - Wrist shot by Andrei Kostitsyn.
5:38 of 3rd period - Deflect By Alexander Radulov.
5:38 of 3rd period - Shot Misses the Net.
5:38 of 3rd period - Puck is out of play.
5:39 of 3rd period - Dominic Moore wins face-off versus Bryan Little in Penguins zone.
5:52 of 3rd period - Wrist shot by Bryan Little.
5:52 of 3rd period - Shot Misses the Net.
5:54 of 3rd period - Snap shot by Mark Giordano.
5:54 of 3rd period - Shot Misses the Net.
5:56 of 3rd period - Slapshot by Johnny Boychuk.
5:56 of 3rd period - Shot Blocked by Duncan Keith.
6:11 of 3rd period - Paul Ranger is hit by Alexander Radulov and loses puck.
6:16 of 3rd period - Snap shot by Tim Connolly.
6:16 of 3rd period - Stopped by Josh Tordjman without a rebound.
6:17 of 3rd period - Paul Stastny wins face-off versus Steven Stamkos in Penguins zone.
6:29 of 3rd period - Wrist shot by Bobby Ryan.
6:29 of 3rd period - Deflect By Andrew Ladd.
6:29 of 3rd period - Shot Misses the Net.
6:29 of 3rd period - Puck is out of play.
6:30 of 3rd period - Steven Stamkos wins face-off versus Tim Connolly in Avalanche zone.
6:31 of 3rd period - Slapshot by Bobby Ryan.
6:31 of 3rd period - Deflect By Steven Stamkos.
6:31 of 3rd period - Shot Misses the Net.
6:31 of 3rd period - Puck is out of play.
6:32 of 3rd period - Steven Stamkos wins face-off versus Tim Connolly in Avalanche zone.
6:42 of 3rd period - Jack Johnson is hit by Dion Phaneuf and loses puck.
7:43 of 3rd period - Slapshot by Ryan Callahan.
7:43 of 3rd period - Stopped by Semyon Varlamov with a rebound.
7:45 of 3rd period - Snap shot by Dion Phaneuf.
7:45 of 3rd period - Goal by Dion Phaneuf - Avalanche : 6 - Penguins : 3.
7:46 of 3rd period - Tim Connolly wins face-off versus Steven Stamkos in neutral zone.
7:46 of 3rd period - Tim Connolly is hit by Bobby Ryan.
7:58 of 3rd period - Wrist shot by Andrei Kostitsyn.
7:58 of 3rd period - Stopped by Josh Tordjman without a rebound.
7:59 of 3rd period - Steven Stamkos wins face-off versus Tim Connolly in Penguins zone.
8:16 of 3rd period - Snap shot by Bobby Ryan.
8:16 of 3rd period - Stopped by Semyon Varlamov with a rebound.
8:50 of 3rd period - Snap shot by Chuck Kobasew.
8:50 of 3rd period - Shot Misses the Net.
8:52 of 3rd period - Snap shot by Ryan Smyth.
8:52 of 3rd period - Stopped by Josh Tordjman with a rebound.
9:08 of 3rd period - Slapshot by Bryan Little.
9:08 of 3rd period - Shot Misses the Net.
10:33 of 3rd period - Off-side.
10:34 of 3rd period - Steven Stamkos wins face-off versus Bryan Little in neutral zone.
10:53 of 3rd period - Icing by Mark Giordano.
10:54 of 3rd period - Steve Downie wins face-off versus Bryan Little in Avalanche zone.
11:01 of 3rd period - Backhand shot by Sam Gagner.
11:01 of 3rd period - Stopped by Semyon Varlamov with a rebound.
11:03 of 3rd period - Snap shot by Andrew Cogliano.
11:03 of 3rd period - Shot Blocked by Johnny Boychuk.
11:05 of 3rd period - Backhand shot by Sam Gagner.
11:05 of 3rd period - Deflect By Steve Downie.
11:05 of 3rd period - Stopped by Semyon Varlamov without a rebound.
11:06 of 3rd period - Tim Connolly wins face-off versus Steven Stamkos in Avalanche zone.
11:06 of 3rd period - Tim Connolly is hit by Bobby Ryan.
11:55 of 3rd period - Icing by Pernell Karl Subban.
11:56 of 3rd period - Bryan Little wins face-off versus Steven Stamkos in Avalanche zone.
12:23 of 3rd period - Sean Zimmerman is hit by Pernell Karl Subban and loses puck.
12:46 of 3rd period - Eric Gryba is hit by Andrew Ladd and loses puck.
13:48 of 3rd period - Slapshot by Bryan Little.
13:48 of 3rd period - Shot Misses the Net.
13:58 of 3rd period - Wrist shot by Bryan Little.
13:58 of 3rd period - Shot Misses the Net.
14:04 of 3rd period - Snap shot by Mikkel Boedker.
14:04 of 3rd period - Stopped by Josh Tordjman with a rebound.
14:06 of 3rd period - Slapshot by Marc Staal.
14:06 of 3rd period - Stopped by Josh Tordjman with a rebound.
14:14 of 3rd period - Slapshot by Mikkel Boedker.
14:14 of 3rd period - Stopped by Josh Tordjman without a rebound.
14:15 of 3rd period - Alexander Radulov wins face-off versus Sam Gagner in Penguins zone.
14:20 of 3rd period - Wrist shot by Alexander Radulov.
14:20 of 3rd period - Shot Blocked by Sam Gagner.
14:40 of 3rd period - Mark Giordano is hit by Simon Gagné and loses puck.
14:47 of 3rd period - Simon Gagné is hit by Andrew Ladd and loses puck.
15:32 of 3rd period - Tim Connolly is hit by Dion Phaneuf.
16:19 of 3rd period - Marc Staal is hit by Duncan Keith and loses puck.
16:36 of 3rd period - Snap shot by D.J King.
16:36 of 3rd period - Shot Misses the Net.
16:38 of 3rd period - Snap shot by Duncan Keith.
16:38 of 3rd period - Stopped by Semyon Varlamov with a rebound.
16:40 of 3rd period - Wrist shot by Ryan Callahan.
16:40 of 3rd period - Stopped by Semyon Varlamov without a rebound.
16:41 of 3rd period - Tim Connolly wins face-off versus Steven Stamkos in Avalanche zone.
16:41 of 3rd period - Tim Connolly is hit by Keith Aulie.
16:57 of 3rd period - Snap shot by Tim Connolly.
16:57 of 3rd period - Stopped by Josh Tordjman with a rebound.
17:38 of 3rd period - Off-side.
17:39 of 3rd period - Tim Connolly wins face-off versus Steven Stamkos in neutral zone.
17:48 of 3rd period - Wrist shot by Andrei Kostitsyn.
17:48 of 3rd period - Shot Misses the Net.
17:50 of 3rd period - Backhand shot by Pernell Karl Subban.
17:50 of 3rd period - Stopped by Josh Tordjman without a rebound.
17:51 of 3rd period - Steven Stamkos wins face-off versus Tim Connolly in Penguins zone.
18:01 of 3rd period - Alexander Radulov is hit by Steven Stamkos and loses puck.
18:33 of 3rd period - Icing by Chuck Kobasew.
18:34 of 3rd period - Kyle Turris wins face-off versus Dominic Moore in Avalanche zone.
18:34 of 3rd period - Kyle Turris is hit by Simon Gagné.
18:46 of 3rd period - Slapshot by Keith Aulie.
18:46 of 3rd period - Stopped by Semyon Varlamov with a rebound.
18:48 of 3rd period - Wrist shot by Dominic Moore.
18:48 of 3rd period - Shot Misses the Net.
18:50 of 3rd period - Wrist shot by Simon Gagné.
18:50 of 3rd period - Stopped by Semyon Varlamov with a rebound.
19:30 of 3rd period - Wrist shot by Brandon Yip.
19:30 of 3rd period - Shot Misses the Net.
19:32 of 3rd period - Snap shot by Brandon Yip.
19:32 of 3rd period - Stopped by Josh Tordjman with a rebound.
19:34 of 3rd period - Slapshot by Mark Giordano.
19:34 of 3rd period - Deflect By Dion Phaneuf.
19:34 of 3rd period - Stopped by Josh Tordjman with a rebound.
19:36 of 3rd period - Slapshot by Brandon Yip.
19:36 of 3rd period - Shot Misses the Net.
19:38 of 3rd period - Slapshot by Brandon Yip.
19:38 of 3rd period - Deflect By D.J King.
19:38 of 3rd period - Stopped by Josh Tordjman with a rebound.
19:40 of 3rd period - Slapshot by Mark Giordano.
19:40 of 3rd period - Stopped by Josh Tordjman with a rebound.
19:46 of 3rd period - Wrist shot by Andrew Ladd.
19:46 of 3rd period - Stopped by Josh Tordjman without a rebound.
19:47 of 3rd period - Tim Connolly wins face-off versus Steven Stamkos in Penguins zone.
Goals for this period are 0 for Avalanche vs 1 for Penguins.
Shots for this period are 13 for Avalanche vs 10 for Penguins.
Back to the Top